 Dungeon Crawl Stone Soup version 0.26-a0-757-g626ac9e51a (console) character file.

Game seed: 14932506102664766016

11508 jejorda2 the Blocker (level 11, -6/92 HPs)
             Began as a Red Draconian Ice Elementalist on Nov 7, 2020.
             Was a High Priest of Okawaru.
             Mangled by a slime creature (19 damage)
             ... on level 11 of the Dungeon.
             The game lasted 01:17:07 (16571 turns).

jejorda2 the Blocker (DrIE)                        Turns: 16571, Time: 01:17:07

Health: -6/92      AC: 11    Str: 12    XL:     11   Next: 50%
Magic:  4/7        EV: 15    Int: 18    God:    Okawaru [*****.]
Gold:   752        SH:  0    Dex: 11    Spells: 16/24 levels left

rFire    + . .     SeeInvis .   b - +0 demon blade (antimagic)
rCold    . . .     Faith    .   (no shield)
rNeg     . . .     Spirit   .   (armour unavailable)
rPois    .         Reflect  .   (helmet restricted)
rElec    .         Harm     .   y - +0 cloak
rCorr    .         Rampage  .   t - +0 pair of gloves
MR       .....                  v - +1 pair of boots
Stlth    +++.......             (no amulet)
HPRegen  0.25/turn              H - ring of flight
MPRegen  0.10/turn              (no ring)

@: short of breath, heroism, frozen ramparts
A: breathe fire, unfitting armour, fire resistance 1, cold-blooded, AC +7
a: Breathe Fire, Heroism, Finesse, Renounce Religion, Evoke Flight


You were on level 11 of the Dungeon.
You worshipped Okawaru.
Okawaru was extremely pleased with you.
You visited 2 branches of the dungeon, and saw 13 of its levels.

You collected 752 gold pieces.

Inventory:

Hand Weapons
 a - a +3 scimitar of freezing
 b - a +0 antimagic demon blade (weapon)
 i - a +2 hand crossbow of freezing
 C - a +0 vampiric great sword
 I - a +0 morningstar
Missiles
 c - 327 stones
 h - 52 poisoned darts (quivered)
 w - 10 boomerangs
 F - 5 javelins
Armour
 q - a +0 kite shield
 t - a +0 pair of gloves (worn)
 v - a +1 pair of boots (worn)
 y - a +0 cloak (worn)
Jewellery
 r - an uncursed ring of fire
 H - a ring of flight (left hand)
Wands
 e - a wand of acid (8)
 s - a wand of enslavement (11)
 G - a wand of disintegration (16)
 N - a wand of iceblast (15)
 O - a wand of random effects (10)
Scrolls
 f - 4 scrolls of amnesia
 j - 3 scrolls of remove curse
 l - a scroll of immolation
 n - 4 scrolls of teleportation
 x - a scroll of magic mapping
 J - a scroll of blinking
 K - 3 scrolls of fear
 M - a scroll of enchant weapon
Potions
 d - 3 potions of haste
 g - 3 potions of mutation
 k - 5 potions of curing
 m - a potion of lignification
 o - a potion of attraction
 p - 2 potions of brilliance
 u - 3 potions of cancellation
 z - 2 potions of ambrosia
 A - 2 potions of might
 D - 2 potions of invisibility
 E - 2 potions of flight
 L - a potion of berserk rage {unknown}
 Q - 4 potions of heal wounds
Miscellaneous
 P - a lightning rod (4/4)


   Skills:
 - Level 7.0(12.0) Fighting
 + Level 6.3(11.3) Long Blades
 - Level 1.7(6.7) Dodging
 - Level 1.7(6.7) Stealth
 * Level 8.0(13.0) Shields
 - Level 7.0 Spellcasting
 - Level 7.1 Summonings
 - Level 6.0 Ice Magic
 - Level 7.0 Invocations
 + Level 2.9 Evocations


You had 16 spell levels left.
You knew the following spells:

 Your Spells              Type           Power        Failure   Level
a - Freeze                Ice            ####         1%          1
b - Frozen Ramparts       Ice            ####..       2%          3
c - Summon Ice Beast      Ice/Summ       ####....     8%          4

Your spell library contained the following spells:

 Spells                   Type           Power        Failure   Level
 Summon Small Mammal      Summ           ####         1%          1
 Call Imp                 Summ           ####....     1%          2
 Call Canine Familiar     Summ           ####....     1%          3
 Ozocubu's Armour         Ice            ####....     2%          3
 Ensorcelled Hibernation  Hex/Ice        ###...       4%          2
 Summon Guardian Golem    Hex/Summ       ###.....     8%          3
 Corona                   Hex            #......      11%         1
 Sandblast                Erth           #.....       11%         1
 Passwall                 Tmut/Erth      #.......     16%         2
 Summon Lightning Spire   Summ/Air       ###.....     26%         4
 Hailstorm                Conj/Ice       ###.....     30%         4
 Confusing Touch          Hex            #.......     32%         3
 Dazzling Flash           Conj/Hex       #.....       32%         3
 Stone Arrow              Conj/Erth      #.....       32%         3
 Tukima's Dance           Hex            #.......     32%         3
 Petrify                  Tmut/Erth      #.......     71%         4
 Lee's Rapid Deconstruct  Erth           #.........   96%         5


Dungeon Overview and Level Annotations

Branches:
Dungeon (12/15)            Temple (1/1) D:5            Lair (0/6) D:11
    Orc (0/2) D:10

Altars:
Ashenzari
Cheibriados
Dithmenos
Elyvilon
Fedhas
Gozag
Hepliaklqana
Kikubaaqudgha
Makhleb
Nemelex Xobeh
Okawaru
Qazlal
Ru
Sif Muna
Trog
Uskayaw
Vehumet
Wu Jian
Xom
Yredelemnul
Zin
The Shining One


Innate Abilities, Weirdness & Mutations

You can breathe blasts of fire.
Your fiery red scales are hard. (AC +7)
You cannot fit into any form of body armour.
Your flesh is heat resistant. (rF+)
You are cold-blooded and may be slowed by cold attacks.


Message History

Your ice beast dies!
The slime creature hits you!
You climb upwards.
There is a stone staircase leading down here.
Unknown command.
You gain the combat prowess of a mighty hero.
The slime creature barely misses you. The slime creature hits you!
Your +3 scimitar of freezing stops glowing.
You feel magic leave you.
b - a +0 antimagic demon blade (weapon)
Casting: Summon Ice Beast (dangerous; 8% risk of failure)
Confirm with . or Enter, or press ? or * to list all spells.
The walls around you are covered in ice.
The slime creature hits you!
* * * LOW HITPOINT WARNING * * *
The wall freezes the slime creature!
The slime creature hits you.
* * * LOW HITPOINT WARNING * * *
The wall freezes the slime creature!
The wall freezes the slime creature.
The slime creature hits you!!
You die...

#.# ##...## #..#.##.## #.####
##.....###..#.##.# #.##.##
##.......##.......#
#.#...####.........##......###
##........'........((.........(
#......####.........####...####
#.#.#.## ##.......## ##..##
#...### ##JJ...## #...### ###.#
##@..## #.....# #.# ##'##
#...#.# #.# #.# #####.# #.#
#)###########.# #.########
##.#...........#
#.##.(...###....###########
#.##.###.##.....#
#.....##.###....##
####.............#


You could see 2 slime creatures.

Vanquished Creatures
  2 two-headed ogres (D:9)
  An unseen horror (D:12)
  Pikel (D:5)
  A manticore (D:12)
  2 trolls
  A hornet (D:10)
  8 slime creatures
  A wraith (D:10)
  Menkaure (D:5)
  3 swamp worms (D:10)
  2 nameless horrors
  2 ice beasts
  An eye of draining (D:10)
  7 orc warriors
  2 sky beasts (D:9)
  A phantom (D:7)
  15 centaurs
  2 ogres
  2 big kobolds
  7 bullfrogs
  3 scorpions
  A water moccasin skeleton (D:6)
  5 wights (D:8)
  4 electric eels (D:7)
  A howler monkey (D:5)
  2 quasits (D:10)
  2 bullfrog zombies
  A bullfrog skeleton (D:11)
  4 hounds
  7 jellies
  Crazy Yiuf (D:7)
  A gnoll shaman (D:8)
  9 orc priests
  3 centaur skeletons
  2 iguanas (D:5)
  12 orc wizards
  6 worker ants
  A hound skeleton (D:4)
  2 gnolls (D:8)
  11 adders
  2 shadow imps
  5 white imps
  2 ufetubi
  An ooze (D:4)
  An adder zombie (D:5)
  3 adder skeletons
  4 worms
  7 leopard geckos
  36 orcs
  5 bats (D:1)
  8 giant cockroaches
  11 goblins
  11 hobgoblins
  10 jackals
  19 kobolds
  3 quokkas
  A ball python zombie (D:5)
  3 frilled lizards
  A giant cockroach zombie (D:5)
  A jackal skeleton (D:6)
  A jackal zombie (D:5)
  A leopard gecko zombie (D:7)
  2 quokka skeletons
  5 rats
283 creatures vanquished.

Vanquished Creatures (collateral kills)
  A komodo dragon (D:11)
  A slime creature (D:12)
  A steam dragon (D:8)
  A swamp worm (D:10)
  An orc warrior (D:10)
  A necrophage (D:10)
  An electric eel (D:7)
  2 jellies
  A bullfrog skeleton (D:12)
  2 orc wizards (D:10)
  Jessica (D:6)
  A worker ant (D:12)
  3 gnolls (D:8)
  7 orcs
24 creatures vanquished.

Vanquished Creatures (others)
  A leopard gecko (D:1)
  52 plants
53 creatures vanquished.

Grand Total: 360 creatures vanquished

Notes
Turn   | Place    | Note
-------+----------+-------------------------------------------
     0 | D:1      | jejorda2 the Draconian Ice Elementalist began the quest for
                  | the Orb.
     0 | D:1      | Reached XP level 1. HP: 14/14 MP: 3/3
   221 | D:1      | Reached skill level 1 in Fighting
   382 | D:1      | Reached XP level 2. HP: 18/23 MP: 1/5
   931 | D:1      | Reached XP level 3. HP: 28/29 MP: 6/6
  1232 | D:2      | Learned a level 3 spell: Frozen Ramparts
  1632 | D:2      | Reached XP level 4. HP: 37/37 MP: 2/7
  1834 | D:2      | Learned a level 4 spell: Summon Ice Beast
  2832 | D:3      | Found a glowing silver altar of Zin.
  2838 | D:3      | Found a blossoming altar of Fedhas.
  2838 | D:3      | Found a bloodstained altar of Trog.
  3355 | D:4      | Reached XP level 5. HP: 43/45 MP: 5/9
  3358 | D:4      | Reached skill level 1 in Summonings
  4141 | D:5      | Entered Level 5 of the Dungeon
  4141 | D:5      | Noticed Menkaure
  4308 | D:5      | Noticed Pikel
  4308 | D:5      | Noticed a lemure
  4308 | D:5      | Noticed a lemure
  4309 | D:5      | Noticed a lemure
  4326 | D:5      | Killed Pikel
  4326 | D:5      | Reached skill level 5 in Fighting
  4326 | D:5      | Reached skill level 5 in Ice Magic
  4326 | D:5      | Reached XP level 6. HP: 20/56 MP: 2/11
  4326 | D:5      | Your scales start taking on a fiery red colour.
  4326 | D:5      | Reached XP level 7. HP: 22/61 MP: 2/12
  4326 | D:5      | Gained mutation: Your flesh is heat resistant. (rF+) [Red
                  | Draconian growth]
  4813 | D:5      | Killed Menkaure
  4813 | D:5      | Reached XP level 8. HP: 19/71 MP: 14/14
  5263 | D:5      | Found a staircase to the Ecumenical Temple.
  5270 | Temple   | Entered the Ecumenical Temple
  5613 | D:5      | Reached skill level 5 in Ice Magic
  6274 | D:6      | Found a white marble altar of Elyvilon.
  6375 | D:6      | Reached skill level 1 in Shields
  6432 | D:6      | Reached skill level 5 in Spellcasting
  6519 | Temple   | Became a worshipper of Warmaster Okawaru
  6681 | D:6      | Noticed Jessica
  6688 | D:6      | Found a shimmering blue altar of Sif Muna.
  6692 | D:6      | Killed Jessica
  6849 | D:7      | Reached skill level 1 in Invocations
  6989 | D:7      | Found a broken altar of Ashenzari.
  7471 | D:7      | Reached skill level 2 in Shields
  7700 | D:7      | Reached XP level 9. HP: 74/79 MP: 16/16
  7824 | D:7      | Found a runed translucent door.
  7825 | D:7      | Noticed Crazy Yiuf
  7829 | D:7      | Killed Crazy Yiuf
  8057 | D:7      | Found Ziviloorgh's Jewellery Boutique.
  8594 | D:8      | Reached skill level 5 in Summonings
  9150 | D:8      | Reached * piety under Okawaru
  9581 | D:8      | Reached skill level 3 in Shields
  9883 | D:9      | Noticed a two-headed ogre
  9888 | D:9      | Killed a two-headed ogre
  9888 | D:9      | Reached ** piety under Okawaru
  9888 | D:9      | Reached skill level 5 in Invocations
  9949 | D:9      | Noticed a two-headed ogre
  9961 | D:9      | Killed a two-headed ogre
  9961 | D:9      | Reached skill level 4 in Shields
  9961 | D:9      | Reached XP level 10. HP: 51/86 MP: 14/19
 10322 | D:9      | Reached *** piety under Okawaru
 10349 | D:9      | Reached skill level 1 in Long Blades
 11035 | D:10     | Entered Level 10 of the Dungeon
 11846 | D:10     | Reached skill level 5 in Shields
 12043 | D:10     | Paralysed by a hornet for 1 turns
 12259 | D:10     | Reached **** piety under Okawaru
 13080 | D:10     | Found a hide-covered altar of Uskayaw.
 13084 | D:10     | Found a staircase to the Orcish Mines.
 13312 | D:10     | Reached skill level 5 in Long Blades
 13457 | D:10     | Reached XP level 11. HP: 92/92 MP: 21/21
 13572 | D:11     | Reached skill level 6 in Shields
 14489 | D:11     | Found a staircase to the Lair.
 14973 | D:12     | Reached skill level 1 in Evocations
 15073 | D:12     | Reached skill level 7 in Shields
 15112 | D:12     | Reached ***** piety under Okawaru
 15409 | D:12     | Found a blossoming altar of Fedhas.
 16097 | D:12     | Killed an unseen horror
 16563 | D:12     | Received a gift from Okawaru
 16563 | D:12     | Reached skill level 8 in Shields
 16571 | D:11     | Mangled by a slime creature

Illustrated notes

Levels and vault maps discovered:
D:1:      mainiacjoe_arrival_reflecting_pool, layout_basic, lemuel_flame_loot_1
D:2:      layout_basic, serial_aquarium, aquarium_bridge_square
          [aquarium_subvault_bridge, aquarium_subvault_wall,
          aquarium_subvault_wall, aquarium_subvault_window],
          aquarium_window_corner, aquarium_window_1, aquarium_window_fake,
          aquarium_view_2a, aquarium_view_2c, aquarium_balcony_double_2,
          minmay_hexomino_u4
D:3:      layout_basic, gammafunk_temple_overflow_forgotten
D:4:      layout_basic
D:5:      cheibrodos_fzero, layout_basic, minmay_temple_entry_mist, uniq_pikel,
          uniq_menkaure
D:6:      layout_rooms, tgw_sif, elyvilon_altar_4
D:7:      layout_basic, nicolae_overflow_crystal_walls, serial_shops,
          kennysheep_mini_moat, chequers_big_river,
          hangedman_abyss_or_decor_passed, uniq_crazy_yiuf_cottage
D:8:      layout_gridville, serial_glass, glass_columns_a, glass_columns_a,
          minmay_strange_pillars
D:9:      layout_loops_ring
D:10:     layout_roguey, orc_0_dummy, basic_altar, hangedman_decor_slide_cut,
          worms_lemuel
D:11:     layout_loops_corners, david_lair_shrubbed
D:12:     layout_rooms, serial_bayou_pond_b, fedhas_altar_fruit_tree
Temple:   eino_temple_scatter_basement

Skill      XL: |  1  2  3  4  5  6  7  8  9 10 11 |
---------------+----------------------------------+-----
Fighting       | 1 2 3 5 6 7 |  7.0
Summonings     | 2 3 4 6 7 |  7.1
Spellcasting   | 3 4 5 6 7 |  7.0
Ice Magic      | 5 4 5 6 |  6.0
Shields        | 2 4 5 8 |  8.0
Invocations    | 2 6 7 |  7.0
Long Blades    | 5 6 |  6.3
Evocations     | 2 |  2.9
Dodging        | |  1.7
Stealth        | |  1.7

Action                   |  1- 3 |  4- 6 |  7- 9 | 10-12 || total
-------------------------+-------+-------+-------+-------++-------
Melee: Club              |    10 |       |       |       ||    10
       Whip              |    18 |       |       |       ||    18
       Dagger            |     3 |    28 |       |       ||    31
       Short sword       |     8 |     9 |       |       ||    17
       Tailslap          |     1 |     2 |    17 |    21 ||    41
       Flail             |       |    56 |    16 |       ||    72
       Great sword       |       |       |   119 |       ||   119
       Scimitar          |       |       |    25 |   234 ||   259
       Demon blade       |       |       |       |     8 ||     8
       Punch             |       |       |       |     1 ||     1
Throw: Stone             |    11 |    38 |       |       ||    49
       Dart              |       |       |    14 |     1 ||    15
       Boomerang         |       |       |     3 |       ||     3
 Cast: Freeze            |    55 |    13 |    12 |    16 ||    96
       Frozen Ramparts   |     2 |     8 |    18 |    30 ||    58
       Summon Ice Beast  |       |       |     7 |    25 ||    32
Invok: Heroism           |       |       |     3 |     8 ||    11
 Abil: Breathe Fire      |       |       |    25 |    17 ||    42
Evoke: Wand              |       |       |     1 |       ||     1
  Use: Scroll            |       |    12 |    10 |     5 ||    27
       Potion            |       |     1 |       |       ||     1
 Stab: Sleeping          |     2 |     2 |       |     2 ||     6
Armor: Skin              |    22 |    41 |    70 |   140 ||   273
Dodge: Dodged            |    53 |    66 |   147 |   178 ||   444
       Rpst.: Great sword |       |       |    32 |       ||    32
       Scimitar          |       |       |     6 |    46 ||    52

Table legend: (Time is in decaauts)
 A = Elapsed time spent in this place.
 B = Non-inter-level travel time spent in this place.
 C = Inter-level travel time spent in this place.
 D = Time resting spent in this place.
 E = Time spent auto-exploring this place.
 F = Levels seen in this place.
 G = Mean time per level.
                   A        B        C        D        E       F      G
               +--------+--------+--------+--------+--------+-----+--------+
         Total |  16758 |  16236 |    522 |   1460 |  11954 |  13 | 1289.1 |
       Dungeon |  16524 |  16046 |    478 |   1460 |  11780 |  12 | 1377.0 |
        Temple |    234 |    190 |     44 |      0 |    174 |   1 |  234.0 |
               +--------+--------+--------+--------+--------+-----+--------+

Top non-repeatable levels by time:
    D:10: 2198 daAuts
     D:5: 1787 daAuts
    D:11: 1730 daAuts
     D:7: 1729 daAuts
     D:9: 1699 daAuts
     D:8: 1334 daAuts
    D:12: 1209 daAuts
     D:1: 1208 daAuts
     D:3: 1106 daAuts
     D:2: 949 daAuts
     D:4: 948 daAuts
     D:6: 620 daAuts
  Temple: 234 daAuts
